 Dungeon Crawl Stone Soup version 0.31-a0-627-gd65175cf8b (webtiles) character file.

Game seed: 8385375872332692744

9531 IndexError the Fighter (level 11, -1/115 HPs)
             Began as a Troll Hedge Wizard on Aug 25, 2023.
             Was the Champion of Cheibriados.
             Killed from afar by a starcursed mass (14 damage)
             ... with an accursed screaming
             ... on level 1 of the Abyss.
             The game lasted 00:25:16 (9128 turns).

IndexError the Fighter (Troll Hedge Wizard)         Turns: 9128, Time: 00:25:16

Health: -1/115     AC:  7    Str: 35      XL:     11   Next: 24%
Magic:  17/17      EV: 10    Int: 28 (29) God:    Cheibriados [******]
Gold:   839        SH:  0    Dex: 24      Spells: 8/19 levels left

rFire   . .          .
                       - Unarmed
rCold   . . .        (no shield)
rNeg    . . .        H - +0 steam dragon scales
rPois   .            c - +0 hat
rElec   .            (no cloak)
rCorr   +            (gloves unavailable)
SInv    .            (boots unavailable)
Will    .....        N - amulet of regeneration {+regen, !d}
Stlth   ++           D - ring of resist corrosion
HPRegen 1.99/turn    (no ring)
MPRegen 0.15/turn

%: no passive effects
@: about to teleport, very slow
A: large, unfitting armour, claws 3, regeneration 1, shaggy fur 1, tough skin 1
a: Renounce Religion, Bend Time, Temporal Distortion, Slouch, Step From Time


You were on level 1 of the Abyss.
You worshipped Cheibriados.
Cheibriados was exalted by your worship.
You visited 1 branch of the dungeon, and saw 9 of its levels.
You visited the Abyss 1 time.
You also visited: Sewer and Bailey.

You collected 839 gold pieces.

Inventory:

Hand Weapons
 l - a +0 short sword
   (You took it off a kobold on level 2 of the Dungeon)
Missiles
 i - 39 stones (quivered)
 j - 27 poisoned darts
 x - 2 throwing nets {=f, !d}
 C - 3 curare-tipped darts
Armour
 c - a +0 hat (worn)
 n - the +0 robe of the Hills {rC+}
   (You found it on level 2 of the Dungeon)

   rC+:       It protects you from cold.
 H - +0 steam dragon scales (worn)
   (You took it off Maggie on level 7 of the Dungeon)
 O - a +0 cloak
   (You took it off Maurice on level 9 of the Dungeon)
Magical Staves
 g - a staff of cold {rC+}
   (You found it on level 2 of the Dungeon)
 y - a staff of air {rElec}
   (You found it on level 4 of the Dungeon)
Jewellery
 m - an amulet of the acrobat
   (You found it on level 1 of the Dungeon)
 D - a ring of resist corrosion (left claw)
   (You found it on level 6 of the Dungeon)
 N - an amulet of regeneration (around neck) {+regen, !d}
   (You found it on level 8 of the Dungeon)
Talismans
 I - a maw talisman
   (You found it on level 7 of the Dungeon)
Wands
 P - a wand of charming (8)
   (You took it off Maurice on level 9 of the Dungeon)
Scrolls
 f - a scroll of vulnerability {unknown}
 h - 9 scrolls of identify {unknown}
 k - a scroll of poison {unknown}
 s - 6 scrolls of teleportation
 t - 2 scrolls of fear {unknown}
 u - 3 scrolls of amnesia {unknown}
 w - 3 scrolls of noise {unknown}
 z - 2 scrolls of immolation {unknown}
 E - a scroll of fog {unknown}
 F - 2 scrolls of silence {unknown}
 M - a scroll of enchant weapon {unknown}
 Q - a scroll of blinking {unknown}
Potions
 a - 2 potions of degeneration {unknown}
 b - a potion of haste {unknown}
 d - 3 potions of magic
 e - 2 potions of berserk rage {unknown}
 o - 4 potions of resistance {unknown}
 p - 10 potions of heal wounds {unknown}
 q - 4 potions of curing {unknown}
 r - 7 potions of enlightenment
 v - 3 potions of lignification {unknown}
 A - a potion of attraction {unknown}
 B - 4 potions of invisibility {unknown}
 G - 2 potions of brilliance {unknown}
 J - 2 potions of might {unknown}
 K - 2 potions of cancellation {unknown}
 L - a potion of mutation {unknown}
 R - a potion of ambrosia {unknown}


   Skills:
 + Level 9.5 Fighting
 - Level 1.5 Dodging
 - Level 1.0 Stealth
 - Level 8.0 Unarmed Combat
 + Level 4.7 Spellcasting
 - Level 1.1 Conjurations
 - Level 0.6 Summonings
 - Level 4.0 Translocations
 - Level 0.6 Air Magic
 - Level 0.6 Poison Magic
 + Level 5.8 Invocations


You had 8 spell levels left.
You knew the following spells:

 Your Spells              Type           Power      Damage    Failure   Level
a - Magic Dart            Conj           48%        1d5       4%          1
b - Blink                 Tloc           58%        N/A       1%          2
c - Call Imp              Summ           18%        N/A       9%          2
d - Ignite Poison         Fire/Tmut/Pois 7%         N/A       19%         3
x - Mephitic Cloud        Conj/Pois/Air  11%        N/A       16%         3

Your spell library contained the following spells:

 Spells                   Type           Power      Damage    Failure   Level
 Lesser Beckoning         Tloc           58%        N/A       1%          2
 Gell's Gravitas          Tloc           29%        N/A       4%          3
 Teleport Other           Tloc           29%        N/A       4%          3
 Kiss of Death            Conj/Necr      36%        2d8       5%          1
 Slow                     Hex            24%        N/A       7%          1
 Cigotuvi's Dreadful Rot  Necr/Pois/Air  16%        N/A       9%          2
 Vhi's Electric Charge    Tloc/Air       38%        N/A       9%          3
 Confusing Touch          Hex            6%         N/A       21%         3
 Dispel Undead            Necr           6%         3d8       56%         4
 Arcjolt                  Conj/Air       5%         1d15      80%         5
 Freezing Cloud           Conj/Ice/Air   4%         6-21      83%         5
 Plasma Beam              Fire/Air       4%         2x1d14    100%        6


Dungeon Overview and Level Annotations

Branches:
Dungeon (9/15)             Temple (0/1) D:4            Lair (0/5) D:8
  Sewer (visited)          Bailey (visited)
    Orc: D:9-12

Altars:
Cheibriados
Elyvilon
Fedhas
Makhleb
Nemelex Xobeh
Okawaru
Qazlal
Uskayaw
Wu Jian
Xom
Zin

Shops:
D:1 ?   D:8 :


Innate Abilities, Weirdness & Mutations

You are too large for most types of armour.
You have claws for hands.
Your natural rate of healing is unusually fast.
You are covered in fur. (AC +1)
You have tough skin. (AC +1)


Message History

You feel yourself slow down.
You take 7 damage, and have 84/115 hp.
You miss something. Your claw misses something. Something hits you!
You take 4 damage, and have 80/115 hp.
You mangle something!!
Cheibriados thoroughly appreciates the change of pace.
Reactivating autopickup.
You feel a bit more experienced.
You regained 2 hp, and now have 82/115 hp.
You regained 6 hp, and now have 88/115 hp.
You regained 6 hp, and now have 94/115 hp.
You feel yourself speed up.
You regained 6 hp, and now have 100/115 hp.
You regained 4 hp, and now have 104/115 hp.
You regained 4 hp, and now have 108/115 hp.
You regained 4 hp, and now have 112/115 hp.
Health restored: 115 You scratch the neqoxec.
The neqoxec barely misses you.
You closely miss the neqoxec.
The neqoxec hits you but does no damage.
You mangle the neqoxec!! The neqoxec closely misses you.
You scratch the neqoxec. The neqoxec gestures at you.
You feel dopey. Something feeds on your intellect!
You closely miss the neqoxec. The neqoxec barely misses you.
You completely miss the neqoxec. You barely miss the neqoxec.
The neqoxec closely misses you.
You claw the neqoxec!
Cheibriados appreciates the change of pace.
MP restored: 17 2 large abominations come into view.
You barely miss the large abomination. The large abomination hits you!
You take 10 damage, and have 105/115 hp.
You claw the large abomination!
You regained 2 hp, and now have 107/115 hp.
You scratch the large abomination. The large abomination hits you!!
You take 18 damage, and have 89/115 hp.
You mangle the large abomination!! The large abomination hits you!!
You take 19 damage, and have 70/115 hp.
You claw the large abomination!
You regained 2 hp, and now have 72/115 hp.
You barely miss the large abomination. Your claw misses the large abomination.
The large abomination hits you but does no damage.
You regained 2 hp, and now have 74/115 hp.
You claw the large abomination!
Cheibriados appreciates the change of pace.
You regained 2 hp, and now have 76/115 hp.
No target in view!
You regained 4 hp, and now have 80/115 hp.
The large abomination hits you.
A starcursed mass comes into view.
You take 2 damage, and have 78/115 hp.
You scratch the large abomination but do no damage.
The large abomination closely misses you.
You regained 2 hp, and now have 80/115 hp.
You completely miss the large abomination.
The starcursed mass shrieks in your mind.
You take 6 damage, and have 74/115 hp.
The large abomination attacks as it pursues you!
The large abomination hits you but does no damage.
The large abomination completely misses you.
You regained 4 hp, and now have 78/115 hp.
The large abomination attacks as it pursues you!
The large abomination hits you!!
You take 27 damage, and have 51/115 hp.
MASSIVE DAMAGE!!
You claw the large abomination! You claw the large abomination!
The large abomination completely misses you.
You regained 2 hp, and now have 54/115 hp.
You claw the large abomination!
You regained 2 hp, and now have 56/115 hp.
You claw the large abomination! The large abomination hits you!!!
* * * LOW HITPOINT WARNING * * *
You take 35 damage, and have 21/115 hp.
MASSIVE DAMAGE!!
You barely miss the large abomination.
A starcursed mass splits.
You mangle the large abomination!!
Cheibriados thoroughly appreciates the change of pace.
The starcursed mass shrieks in your mind.
* * * LOW HITPOINT WARNING * * *
You take 3 damage, and have 19/115 hp.
A starcursed mass splits.
A chorus of shrieks assaults your mind.
* * * LOW HITPOINT WARNING * * *
A starcursed mass splits. x2
You take 4 damage, and have 15/115 hp.
You mangle the starcursed mass!!
The starcursed mass shudders and is absorbed by its neighbour.
You regained 2 hp, and now have 17/115 hp.
A starcursed mass splits.
The starcursed mass touches you!
* * * LOW HITPOINT WARNING * * *
A starcursed mass splits.
The starcursed mass touches you but does no damage.
You take 6 damage, and have 11/115 hp.
As you read the scroll of teleportation, it crumbles to dust.
You feel strangely unstable.
You feel the power of the Abyss delaying your translocation!
A starcursed mass splits.
A deafening chorus of shrieks assaults your mind!
You die...

# ## . # #. # #.#
## #.#.. .# # # ...
.# ###.###. ..
#..#. .# #..# .
#### #..##.##
...###
#....####..##.....#
#.XX..#...# ...#
##.XX#X#. .###.
#..XX@#.#.#
.....#..#..........
......####......
...... #....... .
..X. #........ # ..
. ........ #
#.......X # ....
... #


You could see 7 starcursed masses.

Vanquished Creatures
  A two-headed ogre (D:9)
  A vampire mage (Abyss:1)
  A shadow wraith (Abyss:1)
  3 large abominations (Abyss:1)
  Maurice (D:9)
  Maggie (D:7)
  Jeremiah (D:6)
  A kobold demonologist (D:9)
  A hornet (D:9)
  Prince Ribbit (D:8)
  A troll (D:8)
  A wyvern (D:9)
  6 yaks
  A neqoxec (Abyss:1)
  2 water moccasins
  A black bear (D:8)
  4 orc warriors
  2 ice beasts
  An ogre (D:6)
  3 wolves (D:8)
  4 centaurs
  A kobold brigand (D:9)
  2 bullfrogs
  4 gnoll sergeants
  2 scorpions (D:5)
  9 wights (D:8)
  5 killer bees (D:9)
  5 electric eels (D:8)
  4 howler monkeys
  2 orc priests
  A gnoll bouda (D:9)
  8 hounds
  4 sleepcaps
  Terence (D:2)
  3 iguanas
  5 orc wizards
  A sickly merfolk siren (Sewer)
  A malarious merfolk avatar (Sewer)
  10 adders
  18 gnolls
  2 river rats (Sewer)
  3 shadow imps
  3 worms
  A dart slug (D:4)
  31 orcs
  7 bats
  8 endoplasms
  7 giant cockroaches
  8 goblins
  5 hobgoblins
  3 jackals (D:2)
  11 kobolds
  6 quokkas
  13 ball pythons
  5 frilled lizards
  32 rats
269 creatures vanquished.

Notes
Turn   | Place    | Note
-------+----------+-------------------------------------------
     0 | D:1      | IndexError the Troll Hedge Wizard began the quest for the
                  | Orb.
     0 | D:1      | Reached XP level 1. HP: 16/16 MP: 2/2
    73 | D:1      | Reached skill level 1 in Unarmed Combat
   183 | D:1      | Reached XP level 2. HP: 24/24 MP: 4/4
   222 | D:1      | Found Cusm's Magic Scroll Emporium.
   272 | D:1      | Reached skill level 2 in Unarmed Combat
   480 | D:1      | Reached XP level 3. HP: 31/31 MP: 5/5
   503 | D:2      | Identified the +0 robe of the Hills {rC+}
   584 | D:2      | Found a faded altar of an unknown god.
   587 | D:2      | Prayed at the altar of an unknown god.
   587 | D:2      | Became a worshipper of Cheibriados the Contemplative
   587 | D:2      | Reached * piety under Cheibriados
   997 | D:2      | Reached skill level 3 in Unarmed Combat
  1017 | D:2      | Noticed Terence
  1031 | D:2      | HP: 7/31 [Terence/+0 mace (6)]
  1033 | D:2      | Killed Terence
  1034 | D:2      | Reached XP level 4. HP: 12/39 MP: 6/6
  1044 | D:2      | Learned a level 2 spell: Blink
  1047 | D:2      | Learned a level 2 spell: Call Imp
  1530 | D:2      | Reached skill level 4 in Unarmed Combat
  1656 | D:3      | Reached ** piety under Cheibriados
  1784 | D:3      | Found a glowing drain.
  1793 | Sewer    | Entered a sewer
  1895 | Sewer    | Reached XP level 5. HP: 45/45 MP: 7/7
  1916 | Sewer    | Reached *** piety under Cheibriados
  1917 | Sewer    | Reached skill level 5 in Unarmed Combat
  2351 | D:3      | Reached **** piety under Cheibriados
  2374 | D:3      | Found a blossoming altar of Fedhas.
  2707 | D:4      | Reached skill level 6 in Unarmed Combat
  2707 | D:4      | Reached XP level 6. HP: 37/53 MP: 8/8
  3121 | D:4      | Found a staircase to the Ecumenical Temple.
  3153 | D:4      | Reached ***** piety under Cheibriados
  3305 | D:5      | Entered Level 5 of the Dungeon
  3343 | D:5      | Noticed a water moccasin
  3351 | D:5      | Learned a level 3 spell: Mephitic Cloud
  3355 | D:5      | Found a sparkling altar of Nemelex Xobeh.
  3358 | D:5      | Killed a water moccasin
  3359 | D:5      | Reached skill level 7 in Unarmed Combat
  3364 | D:5      | Reached XP level 7. HP: 54/59 MP: 9/9
  3489 | D:5      | Reached skill level 8 in Unarmed Combat
  3512 | D:5      | Found a white marble altar of Elyvilon.
  3519 | D:5      | Reached skill level 1 in Translocations
  3528 | D:5      | Reached skill level 1 in Fighting
  3587 | D:5      | Found a hide-covered altar of Uskayaw.
  3587 | D:5      | Found a glowing silver altar of Zin.
  3590 | D:5      | Found a burning altar of Makhleb.
  3594 | D:5      | Found a stormy altar of Qazlal.
  3594 | D:5      | Found a shimmering altar of Xom.
  3597 | D:5      | Found an iron altar of Okawaru.
  3601 | D:5      | Found a snail-covered altar of Cheibriados.
  3803 | D:5      | Reached skill level 2 in Translocations
  4218 | D:6      | Reached skill level 2 in Fighting
  4247 | D:6      | Reached XP level 8. HP: 74/74 MP: 10/10
  4323 | D:6      | Noticed Jeremiah
  4335 | D:6      | HP: 6/65 [Jeremiah/divine providence (13)]
  4336 | D:6      | Killed Jeremiah
  4337 | D:6      | Reached skill level 3 in Fighting
  4337 | D:6      | Reached skill level 3 in Translocations
  5012 | D:7      | Reached skill level 4 in Fighting
  5227 | D:7      | Reached skill level 4 in Translocations
  5314 | D:7      | Found an ornate altar of the Wu Jian Council.
  5364 | D:7      | Noticed Maggie
  5377 | D:7      | Killed Maggie
  5378 | D:7      | Reached skill level 5 in Fighting
  5378 | D:7      | Reached XP level 9. HP: 69/88 MP: 11/11
  5837 | D:7      | Reached skill level 6 in Fighting
  6368 | D:7      | Reached skill level 7 in Fighting
  6382 | D:7      | Reached skill level 1 in Conjurations
  6474 | D:8      | Reached skill level 1 in Invocations
  6497 | D:8      | Found a flagged portal.
  6542 | Bailey   | Entered a bailey
  6613 | Bailey   | Learned a level 3 spell: Ignite Poison
  6671 | Bailey   | Reached ****** piety under Cheibriados
  6977 | D:8      | Reached skill level 2 in Invocations
  6981 | D:8      | Noticed Prince Ribbit
  7005 | D:8      | Noticed a troll
  7158 | D:8      | Killed Prince Ribbit
  7159 | D:8      | Reached skill level 8 in Fighting
  7159 | D:8      | Reached XP level 10. HP: 90/104 MP: 13/13
  7357 | D:8      | Reached skill level 3 in Spellcasting
  7391 | D:8      | Reached skill level 3 in Invocations
  7417 | D:8      | Found a staircase to the Lair.
  7709 | D:8      | Found Hibegror's Tremendous Tomes.
  8161 | D:9      | Noticed Maurice
  8170 | D:9      | Killed Maurice
  8181 | D:9      | Paralysed by a hornet for 2 turns
  8266 | D:9      | Reached skill level 4 in Invocations
  8410 | D:9      | Reached skill level 4 in Spellcasting
  8677 | D:9      | Reached skill level 9 in Fighting
  8854 | D:9      | Noticed a two-headed ogre
  8859 | D:9      | Killed a two-headed ogre
  8860 | D:9      | Reached skill level 5 in Invocations
  8875 | Abyss:1  | Cast into level 1 of the Abyss (gnoll sergeant)
  8963 | Abyss:1  | Noticed a large abomination
  8971 | Abyss:1  | HP: 12/107 [large abomination (33)]
  8972 | Abyss:1  | Killed a large abomination
  8973 | Abyss:1  | Reached XP level 11. HP: 14/115 MP: 16/16
  8984 | Abyss:1  | Noticed a vampire mage
  8993 | Abyss:1  | HP: 23/115 [something (18)]
  8998 | Abyss:1  | HP: 12/115 [something (4)]
  8999 | Abyss:1  | Killed a vampire mage
  9024 | Abyss:1  | Killed a shadow wraith
  9114 | Abyss:1  | Noticed a starcursed mass
  9122 | Abyss:1  | HP: 21/115 [large abomination (37)]
  9127 | Abyss:1  | HP: 11/115 [starcursed mass (10)]
  9128 | Abyss:1  | Killed from afar by a starcursed mass

Illustrated notes

Levels and vault maps discovered:
D:1:      lemuel_arrival_broad_hall, layout_rooms, serial_shops,
          nicolae_shop_hallway_stairs
D:2:      layout_basic, nicolae_ecumenical_oubliette, uniq_terence
D:3:      layout_rooms, amcnicky_altar_gilded, portal_sewer_entry_d
D:4:      layout_loops_cross, temple_green
D:5:      layout_loops_ring, elyvilon_altar_5, kennysheep_mini_moat,
          nicolae_overflow_hallway_of_the_gods, minmay_gold_behind_fungi
D:6:      hellmonk_ruined_rings, layout_basic, uniq_jeremiah
D:7:      layout_loops_corners, nicolae_wu_jian_glorious_leap, uniq_maggie
D:8:      layout_basic, erik_lair_island, serial_co_window_serial,
          co_window_paths_a, co_window_paths_b, co_window_paths_a,
          co_window_paths_a, co_window_paths_b, co_window_paths_b,
          co_window_of_opportunity_a, co_window_of_opportunity_b,
          co_window_cross_3, co_window_corner_b, co_window_broadway_a,
          co_window_corner_b, co_window_paths_c, glass_columns_c,
          glass_columns_c, glass_columns_c, glass_columns_a, enter_bailey_2,
          nicolae_shop_i_like_big_books, uniq_prince_ribbit1
D:9:      minmay_razor_zed, layout_basic, minmay_fractal_squares_gapless_5,
          uniq_maurice
Abyss:1:  base: D:1, hangedman_abyss_or_decor_passed

Skill      XL: |  1  2  3  4  5  6  7  8  9 10 |
---------------+-------------------------------+-----
Unarmed Combat | 1 2 3 4 6 7 8 |  8.0
Translocations | 2 4 |  4.0
Fighting       | 2 5 8 9 |  9.5
Conjurations   | 1 |  1.1
Invocations    | 2 5 |  5.8
Spellcasting   | 4 |  4.7
Dodging        | |  1.5
Stealth        | |  1.0
Summonings     | |  0.6
Air Magic      | |  0.6
Poison Magic   | |  0.6

Action                     |  1- 3 |  4- 6 |  7- 9 | 10-12 || total
---------------------------+-------+-------+-------+-------++-------
  Melee: Unarmed           |    88 |   228 |   249 |   141 ||   706
         Punch             |     3 |     4 |    12 |     8 ||    27
  Throw: Stone             |       |    11 |     7 |     8 ||    26
   Cast: Magic Dart        |       |     2 |     7 |    19 ||    28
         Mephitic Cloud    |       |       |     2 |     4 ||     6
         Call Imp          |       |       |       |     1 ||     1
  Evoke: Wand              |       |       |     4 |     1 ||     5
    Use: Scroll            |       |       |       |     1 ||     1
   Stab: Sleeping          |       |     6 |    13 |     1 ||    20
         Confused          |       |       |     2 |     3 ||     5
 Armour: Robe              |    27 |    56 |    13 |       ||    96
         Steam dragon scal |       |       |    43 |    48 ||    91
  Dodge: Dodged            |    29 |   100 |   181 |    73 ||   383
         Form:             |       |       |     2 |       ||     2
         Maw               |       |       |     2 |       ||     2

Table legend: (Time is in decaauts)
 A = Elapsed time spent in this place.
 B = Non-inter-level travel time spent in this place.
 C = Inter-level travel time spent in this place.
 D = Time resting spent in this place.
 E = Time spent auto-exploring this place.
 F = Levels seen in this place.
 G = Mean time per level.
                   A        B        C        D        E       F      G
               +--------+--------+--------+--------+--------+-----+--------+
         Total |  14308 |  13153 |   1155 |    103 |   9917 |  12 | 1192.3 |
       Dungeon |  12759 |  11604 |   1155 |     39 |   9546 |   9 | 1417.7 |
         Abyss |    411 |    411 |      0 |     34 |      0 |   1 |  411.0 |
         Sewer |    601 |    601 |      0 |      0 |    304 |   1 |  601.0 |
        Bailey |    536 |    536 |      0 |     30 |     67 |   1 |  536.0 |
               +--------+--------+--------+--------+--------+-----+--------+

Top non-repeatable levels by time:
     D:8: 2420 daAuts
     D:7: 2114 daAuts
     D:6: 1554 daAuts
     D:5: 1343 daAuts
     D:9: 1278 daAuts
     D:4: 1100 daAuts
     D:2: 1071 daAuts
     D:3: 998 daAuts
     D:1: 877 daAuts
   Sewer: 601 daAuts
  Bailey: 536 daAuts
 Abyss:1: 411 daAuts

Levels and vault maps discovered:
D:1:      lemuel_arrival_broad_hall, layout_rooms, serial_shops,
          nicolae_shop_hallway_stairs
D:2:      layout_basic, nicolae_ecumenical_oubliette, uniq_terence
D:3:      layout_rooms, amcnicky_altar_gilded, portal_sewer_entry_d
D:4:      layout_loops_cross, temple_green
D:5:      layout_loops_ring, elyvilon_altar_5, kennysheep_mini_moat,
          nicolae_overflow_hallway_of_the_gods, minmay_gold_behind_fungi
D:6:      hellmonk_ruined_rings, layout_basic, uniq_jeremiah
D:7:      layout_loops_corners, nicolae_wu_jian_glorious_leap, uniq_maggie
D:8:      layout_basic, erik_lair_island, serial_co_window_serial,
          co_window_paths_a, co_window_paths_b, co_window_paths_a,
          co_window_paths_a, co_window_paths_b, co_window_paths_b,
          co_window_of_opportunity_a, co_window_of_opportunity_b,
          co_window_cross_3, co_window_corner_b, co_window_broadway_a,
          co_window_corner_b, co_window_paths_c, glass_columns_c,
          glass_columns_c, glass_columns_c, glass_columns_a, enter_bailey_2,
          nicolae_shop_i_like_big_books, uniq_prince_ribbit1
D:9:      minmay_razor_zed, layout_basic, minmay_fractal_squares_gapless_5,
          uniq_maurice
Abyss:1:  base: D:1, hangedman_abyss_or_decor_passed

Table legend: (Time is in decaauts)
 A = Elapsed time spent in this place.
 B = Non-inter-level travel time spent in this place.
 C = Inter-level travel time spent in this place.
 D = Time resting spent in this place.
 E = Time spent auto-exploring this place.
 F = Levels seen in this place.
 G = Mean time per level.
                   A        B        C        D        E       F      G
               +--------+--------+--------+--------+--------+-----+--------+
         Total |  14308 |  13153 |   1155 |    103 |   9917 |  12 | 1192.3 |
       Dungeon |  12759 |  11604 |   1155 |     39 |   9546 |   9 | 1417.7 |
         Abyss |    411 |    411 |      0 |     34 |      0 |   1 |  411.0 |
         Sewer |    601 |    601 |      0 |      0 |    304 |   1 |  601.0 |
        Bailey |    536 |    536 |      0 |     30 |     67 |   1 |  536.0 |
               +--------+--------+--------+--------+--------+-----+--------+

Top non-repeatable levels by time:
     D:8: 2420 daAuts
     D:7: 2114 daAuts
     D:6: 1554 daAuts
     D:5: 1343 daAuts
     D:9: 1278 daAuts
     D:4: 1100 daAuts
     D:2: 1071 daAuts
     D:3: 998 daAuts
     D:1: 877 daAuts
   Sewer: 601 daAuts
  Bailey: 536 daAuts
 Abyss:1: 411 daAuts

Table legend:
 A = Kills in this place as a percentage of kills in the entire game.
 B = Kills by you in this place as a percentage of kills by you in the entire game.
 C = Kills by friends in this place as a percentage of kills by friends in the entire game.
 D = Other kills in this place as a percentage of other kills in the entire game.
 E = Experience gained in this place as a percentage of experience gained in the entire game.
 F = Experience gained in this place divided by the number of levels of this place that you have seen.
                   A       B       C       D       E      F
               +-------+-------+-------+-------+-------+----------------------
         Total | 100.0 | 100.0 |   N/A | 100.0 | 100.0 | 1134.7
       Dungeon |  71.4 |  72.2 |   N/A |  33.3 |  76.7 | 1160.8
         Abyss |   2.2 |   2.3 |   N/A |   0.0 |  19.7 | 2682.0
         Sewer |  17.8 |  18.3 |   N/A |   0.0 |   1.4 | 191.0
        Bailey |   8.6 |   7.2 |   N/A |  66.7 |   2.2 | 296.0
               +-------+-------+-------+-------+-------+----------------------
